 Dungeon Crawl Stone Soup version 0.30.1 (webtiles) character file.

Game seed: 16398778324097887187

381 cdecastro the Trooper (level 6, -19/60 HPs)
             Began as a Hill Orc Fighter on July 10, 2023.
             Was an Initiate of Nemelex Xobeh.
             Demolished by an ogre
             ... wielding a +0 giant spiked club
              (28 damage)
             ... on level 5 of the Dungeon.
             The game lasted 00:05:25 (3242 turns).

cdecastro the Trooper (Hill Orc Fighter)            Turns: 3242, Time: 00:05:25

Health: -19/60     AC:  9    Str: 21    XL:     6   Next: 75%
Magic:  6/6        EV:  7    Int:  8    God:    Nemelex Xobeh [......]
Gold:   262        SH:  4    Dex: 10    Spells: 5/5 levels left

rFire   . . .        a - +0 war axe
rCold   . . .        c - +0 buckler
rNeg    . . .        g - +0 chain mail
rPois   .            (no helmet)
rElec   .            (no cloak)
rCorr   .            (no gloves)
SInv    .            (no boots)
Will    .....        (no amulet) Stlth
                     (no ring)
HPRegen 0.30/turn    (no ring)
MPRegen 0.10/turn

%: no passive effects
@: no status effects
A: no striking features
a: Renounce Religion, Draw Escape, Draw Destruction, Draw Summoning


You were on level 5 of the Dungeon.
You worshipped Nemelex Xobeh.
Nemelex Xobeh was noncommittal.
You visited 2 branches of the dungeon, and saw 6 of its levels.

You collected 262 gold pieces.

Inventory:

Hand Weapons
 a - a +0 war axe (weapon)
 y - a +0 whip of flaming
Missiles
 n - 2 poisoned darts (quivered)
Armour
 b - a +0 scale mail
 c - a +0 buckler (worn)
 g - a +0 chain mail (worn)
 j - a +0 helmet
Jewellery
 f - a ring of ice
 m - an amulet of reflection
Wands
 l - a wand of paralysis (11)
Scrolls
 e - 3 scrolls of teleportation {unknown}
 i - a scroll of blinking {unknown}
 p - 2 scrolls of fear {unknown}
 r - 3 scrolls of identify {unknown}
 s - a scroll of amnesia {unknown}
 t - a scroll of brand weapon {unknown}
 u - a scroll of magic mapping {unknown}
 v - a scroll of poison {unknown}
 z - a scroll of vulnerability {unknown}
Potions
 d - a potion of might
 h - a potion of resistance {unknown}
 k - a potion of magic {unknown}
 o - a potion of mutation {unknown}
 q - a potion of curing {unknown}
 w - 3 potions of heal wounds {unknown}
 x - a potion of degeneration {unknown}


   Skills:
 * Level 7.6 Fighting
 + Level 5.6 Axes
 - Level 3.2 Armour
 - Level 3.2 Shields


You had 5 spell levels left.
You didn't know any spells.
Your spell library contained the following spells:

 Spells                   Type           Power      Damage    Failure   Level
 Apportation              Tloc           0%         N/A       98%         1
 Necrotise                Necr           0%         1d4       98%         1
 Summon Small Mammal      Summ           0%         N/A       98%         1
 Scorch                   Fire           0%         2d5       99%         2
 Flame Wave               Conj/Fire      0%         2d4       100%        4
 Summon Cactus Giant      Summ           0%         N/A       100%        6


Dungeon Overview and Level Annotations

Branches:
Dungeon (5/15)             Temple (1/1) D:4

Altars:
Cheibriados
Elyvilon
Gozag
Hepliaklqana
Kikubaaqudgha
Makhleb
Nemelex Xobeh
Okawaru
Qazlal
Ru
Sif Muna
Trog
Uskayaw
Xom
Yredelemnul
Zin
The Shining One

Annotations:
D:3 Grinder, Natasha


Message History

Things that are here:
a +0 whip; an orc corpse You slash the ufetubus!
You kill the ufetubus!
No target in view!
No target in view!
Things that are here:
a +0 whip; an orc corpse
Found a trident.
z - a scroll labelled MEOBRU TEYPHONOG
Found 2 stones.
Found a sling.
You see here a +0 sling.
You pick up a book of Cantrips and begin reading...
You add the spells Necrotise, Summon Small Mammal and Apportation to your library.
You now have 254 gold pieces (gained 16).
You now have 262 gold pieces (gained 8).
Found a stone staircase leading up.
Found a stone staircase leading down.
There is a stone staircase leading up here.
An ogre comes into view. It is wielding a +0 giant spiked club.
The ogre shouts!
An ogre is nearby!
There is a stone staircase leading up here.
You barely miss the ogre.
The ogre hits you with a +0 giant spiked club!!
You barely miss the ogre. The ogre barely misses you.
You slash the ogre!
The ogre is moderately wounded.
The ogre barely misses you.
You hit the ogre but do no damage.
The ogre is moderately wounded.
The ogre hits you with a +0 giant spiked club!!
Ouch! That really hurt!
* * * LOW HITPOINT WARNING * * *
You completely miss the ogre.
The ogre is moderately wounded.
The ogre hits you with a +0 giant spiked club!!
You die...
Your body disappears without a glow.

#..######.# ...#....#
......# #..>.# #.# #<# #.#
#O# ####@#### ########
..###.......######...(...
...............#.........
..###.##..#.#..#.#.##....
<..........#.#..#.#.##..#.
#...##.##..#.^(.........#.
#...##.##..#.#..#.#.......
#...##..........#.#.......
#...#####.......#.......##


You could see an ogre.

Vanquished Creatures
  A phantom (D:5)
  A scorpion (D:5)
  A jelly (D:3)
  3 iguanas
  6 adders
  A gnoll (D:1)
  An ufetubus (D:5)
  3 orcs
  8 ball pythons
  3 bats (D:2)
  3 endoplasms
  6 giant cockroaches
  11 goblins
  7 hobgoblins
  3 jackals (D:3)
  3 kobolds (D:2)
  2 quokkas (D:3)
  2 frilled lizards
  5 rats
70 creatures vanquished.

Notes
Turn   | Place    | Note
-------+----------+-------------------------------------------
     0 | D:1      | cdecastro the Hill Orc Fighter began the quest for the Orb.
     0 | D:1      | Reached XP level 1. HP: 19/19 MP: 1/1
   188 | D:1      | Reached skill level 4 in Fighting
   188 | D:1      | Reached XP level 2. HP: 23/27 MP: 2/2
   488 | D:1      | Reached XP level 3. HP: 32/34 MP: 3/3
  1109 | D:2      | Reached skill level 5 in Fighting
  1486 | D:3      | Reached XP level 4. HP: 42/42 MP: 4/4
  1899 | D:3      | Noticed Natasha
  1900 | D:3      | Noticed Grinder
  1974 | D:4      | Reached XP level 5. HP: 50/50 MP: 5/5
  1984 | D:4      | Reached skill level 6 in Fighting
  2543 | D:4      | Found a staircase to the Ecumenical Temple.
  2660 | Temple   | Entered the Ecumenical Temple
  2708 | Temple   | Became a worshipper of Nemelex Xobeh the Trickster
  2964 | D:5      | Entered Level 5 of the Dungeon
  2984 | D:5      | Reached skill level 5 in Axes
  2984 | D:5      | Reached XP level 6. HP: 58/58 MP: 6/6
  3026 | D:5      | Reached skill level 7 in Fighting
  3242 | D:5      | Demolished by an ogre

Illustrated notes

Levels and vault maps discovered:
D:1:      amcnicky_arrival_feature_with_door, layout_basic
D:2:      layout_rooms, grunt_ministairs_13
D:3:      layout_basic, uniq_grinder, uniq_natasha
D:4:      layout_basic, minmay_temple_entry_fiery
D:5:      layout_loops_cross
Temple:   minmay_crystal_spiral_temple

Skill      XL: |  1  2  3  4  5  6 |
---------------+-------------------+-----
Fighting       | 4 5 6 7 |  7.6
Axes           | 3 4 5 |  5.6
Armour         | |  3.2
Shields        | |  3.2

Action                     |  1- 3 |  4- 6 || total
---------------------------+-------+-------++-------
  Melee: War axe           |    84 |   144 ||   228
 Armour: Scale mail        |    16 |       ||    16
         Chain mail        |    27 |    92 ||   119
  Dodge: Dodged            |    41 |    55 ||    96
  Block: Buckler           |    13 |    26 ||    39
